 Dungeon Crawl Stone Soup version 0.18-a0-1413-g4eaa9ac (webtiles) character file.

2139 benbatman the Grappler (level 9, -8/80 HPs)
             Began as a Troll Monk on Feb 25, 2016.
             Was a Believer of Pakellas.
             Killed by divine providence
             ... invoked by an orc priest
              (13 damage)
             ... on level 7 of the Dungeon.
             The game lasted 00:17:30 (5317 turns).

benbatman the Grappler (Troll Monk)                 Turns: 5317, Time: 00:17:31

Health: -8/80      AC:  6    Str: 21    XL:     9   Next: 9%
Magic:  12/12      EV: 10    Int:  4    God:    Pakellas [**....]
Gold:   386        SH:  0    Dex: 15    Spells: 2 memorised, 6 levels left

rFire  . . .     SeeInvis .       - Unarmed
rCold  . . .     Gourm    +     a - +0 robe
rNeg   + . .     Faith    .     (no shield)
rPois  .         Spirit   .     (helmet restricted)
rElec  .         Dismiss  .     y - +0 cloak
rCorr  .         Reflect  .     (gloves unavailable)
SustAt .         Harm     .     (boots unavailable)
MR     .....                    f - amulet of the gourmand
Stlth  ++........               D - -2 ring of intelligence (curse)
                                v - ring of positive energy

@: not resistant to hostile enchantments, unstealthy
A: unfitting armour, claws 3, fast metabolism 3, gourmand, regeneration 2,
shaggy fur 1, tough skin 2
a: Quick Charge, Renounce Religion


You were on level 7 of the Dungeon.
You worshipped Pakellas.
Pakellas was pleased with you.
You were near starving.

You visited 2 branches of the dungeon, and saw 8 of its levels.

You collected 386 gold pieces.

Inventory:

Armour
 a - a +0 robe (worn)
 y - a +0 cloak (worn)
Jewellery
 f - an amulet of the gourmand (around neck)
 v - a ring of positive energy (left claw)
 D - a cursed -2 ring of intelligence (right claw)
 I - a +2 amulet of reflection {unknown}
 K - an uncursed ring of protection from magic {unknown}
Wands
 k - a wand of slowing (15/48)
 x - a wand of enslavement (13/24)
 J - a wand of digging (15/24)
Scrolls
 d - 6 scrolls of teleportation {unknown}
 g - 3 scrolls of remove curse {unknown}
 h - 4 scrolls of recharging {unknown}
 l - a scroll of amnesia {unknown}
 n - a scroll of fog {unknown}
 u - a scroll of noise {unknown}
 E - a scroll of enchant weapon {unknown}
 F - a scroll of enchant armour {unknown}
 G - a scroll of fear {unknown}
Potions
 c - a potion of heal wounds {unknown}
 e - 2 potions of flight
 m - 3 potions of cure mutation
 p - a potion of cancellation {unknown}
 r - 3 potions of lignification {unknown}
 s - a potion of berserk rage {unknown}
 t - a potion of might {unknown}
 w - a potion of agility
 z - 2 potions of curing
 A - a potion of degeneration {unknown}
 C - a potion of ambrosia {unknown}
Books
 o - a book of Necromancy

   Spells                             Type                      Level
   a - Pain                           Necromancy                   1
   b - Animate Skeleton               Necromancy                   1
   c - Vampiric Draining              Necromancy                   3
   d - Regeneration                   Charms/Necromancy            3
   e - Animate Dead                   Necromancy                   4
   f - Control Undead                 Necromancy                   4
 q - a book of Party Tricks

   Spells                             Type                      Level
   a - Summon Butterflies             Summoning                    1
   b - Apportation                    Translocation                1
   c - Tukima's Dance                 Hexes                        3
   d - Alistair's Intoxication        Transmutation/Poison         5
   e - Invisibility                   Hexes                        6
 H - a book of Flames

   Spells                             Type                      Level
   a - Flame Tongue                   Conjuration/Fire             1
   b - Throw Flame                    Conjuration/Fire             2
   c - Conjure Flame                  Conjuration/Fire             3
   d - Inner Flame                    Hexes/Fire                   3
   e - Sticky Flame                   Conjuration/Fire             4
   f - Fireball                       Conjuration/Fire             5
Comestibles
 b - 4 bread rations
 i - a slice of pizza
 j - 2 beef jerkies
 B - a meat ration


   Skills:
 - Level 2.4 Fighting
 - Level 2.4 Dodging
 - Level 1.1 Stealth
 - Level 10.2 Unarmed Combat
 * Level 5.5 Evocations


You had 6 spell levels left.
You knew the following spells:

 Your Spells              Type           Power        Failure   Level  Hunger
a - Pain                  Necr           #...         61%         1    ##.....
b - Summon Butterflies    Summ           #.......     61%         1    ##.....


Dungeon Overview and Level Annotations

Branches:
Dungeon (7/15)             Temple (1/1) D:5

Altars:
Cheibriados
Elyvilon
Fedhas
Gozag
Kikubaaqudgha
Makhleb
Nemelex Xobeh
Okawaru
Pakellas
Qazlal
Ru
Sif Muna
Trog
Vehumet
Yredelemnul
Zin
The Shining One

Shops:
D:5 =

Annotations:
D:5 exclusion: statue


Innate Abilities, Weirdness & Mutations

You are too large for most types of armour.
You have claws for hands.
Your metabolism is lightning-fast.
You like to eat raw meat.
You heal very quickly.
You are covered in fur (AC +1).
You have very tough skin (AC +2).


Message History

The orc warrior hits you with a war axe!!
The worker ant twitches its antennae in your direction.
You closely miss the orc warrior. You claw the orc warrior!
The orc warrior is heavily wounded.
The orc warrior hits you with a war axe!
You barely miss the orc warrior.
The orc warrior is heavily wounded.
The orc warrior hits you with a war axe!!
The orc warrior hits you with a war axe!!
* * * LOW HITPOINT WARNING * * *
The orc hits you from afar with a trident.
* * * LOW HITPOINT WARNING * * *
The orc hits you with a flail.
* * * LOW HITPOINT WARNING * * *
The orc priest calls upon Beogh to heal the orc warrior.
The orc warrior is healed somewhat.
The worker ant barely misses you.
The orc priest invokes the aid of Beogh against you.
Beogh smites you!
You die...
Pakellas says: Time to start the next experiment...

...........#
...........#
...........#
...........#
.......o...+
......oo...#
.......oao.###
.............#
########@#.#.#
###...# ..
#.....# .#
#.###.# #.#
... #.# ####
#<# ###


You could see an orc warrior, a worker ant, an orc priest and 3 orcs.

Vanquished Creatures
  The ghost of Lonerover the Skirmisher, a novice MiFi of Qazlal (D:5)
  Grinder (D:4)
  Sigmund (D:3)
  A hungry ghost (D:6)
  Edmund (D:5)
  Duvessa (D:3)
  A phantom (D:5)
  An ice beast (D:6)
  An ogre (D:5)
  2 scorpions
  Dowan (D:4)
  A howler monkey (D:5)
  3 crimson imps
  A hound (D:4)
  Crazy Yiuf (D:4)
  2 orc wizards (D:4)
  A giant frog skeleton (D:6)
  An orc priest (D:3)
  An iguana (D:6)
  Natasha (D:2)
  Ijyb (D:3)
  Terence (D:2)
  3 worker ants
  A hound zombie (D:6)
  2 worker ant zombies (D:5)
  3 gnolls (D:6)
  9 adders
  An adder skeleton (D:4)
  A worm (D:2)
  2 dart slugs (D:1)
  3 giant geckos
  11 orcs
  A bat (D:2)
  2 giant cockroaches
  7 hobgoblins
  2 jackals (D:6)
  2 quokkas
  8 giant newts
  5 goblins
  5 kobolds
  10 rats
104 creatures vanquished.

Vanquished Creatures (others)
  A very ugly thing (D:4)
1 creature vanquished.

Grand Total: 105 creatures vanquished

Notes
Turn   | Place    | Note
--------------------------------------------------------------
     0 | D:1      | benbatman the Troll Monk began the quest for the Orb.
     0 | D:1      | Reached XP level 1. HP: 22/22 MP: 0/0
   267 | D:1      | Reached XP level 2. HP: 23/29 MP: 1/1
   759 | D:2      | Reached skill level 5 in Unarmed Combat
   759 | D:2      | Reached XP level 3. HP: 32/36 MP: 2/2
   801 | D:2      | Noticed Terence
   813 | D:2      | Killed Terence
   848 | D:2      | Reached XP level 4. HP: 44/44 MP: 3/3
   994 | D:2      | Found a sparkling altar of Nemelex Xobeh.
  1179 | D:2      | Reached skill level 6 in Unarmed Combat
  1242 | D:2      | Noticed Natasha
  1247 | D:2      | Killed Natasha
  1367 | D:3      | Reached XP level 5. HP: 30/50 MP: 4/4
  1594 | D:3      | Noticed Ijyb
  1599 | D:3      | Killed Ijyb
  1599 | D:3      | Reached skill level 7 in Unarmed Combat
  1759 | D:3      | Noticed Sigmund
  1768 | D:3      | Killed Sigmund
  1768 | D:3      | Reached skill level 8 in Unarmed Combat
  1768 | D:3      | Reached XP level 6. HP: 49/59 MP: 5/5
  1799 | D:3      | Learned a level 1 spell: Pain
  1943 | D:3      | Found a snail-covered altar of Cheibriados.
  1944 | D:3      | Found an opulent altar of Gozag.
  1945 | D:3      | Found an iron altar of Okawaru.
  1955 | D:3      | Learned a level 1 spell: Summon Butterflies
  2106 | D:4      | Noticed Dowan
  2108 | D:4      | Noticed Duvessa
  2115 | D:4      | Killed Dowan
  2123 | D:4      | HP: 2/59 [Duvessa/short sword (8)]
  2132 | D:3      | HP: 2/59 [Duvessa/short sword (10)]
  2177 | D:3      | Killed Duvessa
  2177 | D:3      | Reached XP level 7. HP: 16/66 MP: 6/6
  2341 | D:4      | Noticed Grinder
  2345 | D:4      | Reached skill level 9 in Unarmed Combat
  2352 | D:4      | Killed Grinder
  2473 | D:4      | Found an oddly glowing altar of Pakellas.
  2474 | D:4      | Noticed a purple very ugly thing
  2477 | D:4      | Became a worshipper of Pakellas the Inventive
  2477 | D:4      | Reached * piety under Pakellas
  2477 | D:4      | Reached ** piety under Pakellas
  2477 | D:4      | Received a gift from Pakellas
  2491 | D:4      | Killed a purple very ugly thing
  3054 | D:4      | Noticed Crazy Yiuf
  3058 | D:4      | Killed Crazy Yiuf
  3105 | D:5      | Entered Level 5 of the Dungeon
  3110 | D:5      | Found Moippal's Jewellery Shoppe.
  3232 | D:5      | Noticed Edmund
  3242 | D:5      | Killed Edmund
  3242 | D:5      | Reached skill level 10 in Unarmed Combat
  3242 | D:5      | Reached XP level 8. HP: 38/74 MP: 7/7
  3347 | D:5      | Reached skill level 1 in Evocations
  3500 | D:5      | Noticed Lonerover's ghost (novice MiFi)
  3714 | D:5      | Killed Lonerover's ghost
  3780 | D:5      | Found a staircase to the Ecumenical Temple.
  3792 | Temple   | Entered the Ecumenical Temple
  3991 | D:5      | Found a radiant altar of Vehumet.
  4505 | D:6      | Reached skill level 5 in Evocations
  4848 | D:6      | Reached XP level 9. HP: 75/80 MP: 10/12
  5315 | D:7      | HP: 3/80 [orc/flail (5)]
  5317 | D:7      | Killed from afar by an orc priest

Vault maps used:
D:1:      co_arrival_random_square_maze, minmay_rat_gold_closets
D:2:      lemuel_doored_altar, uniq_terence, uniq_natasha
D:3:      minitemple, first_bread, uniq_iyjb, uniq_sigmund
D:4:      gammafunk_pakellas_spire_experiment, uniq_crazy_yiuf_cottage,
          uniq_grinder, uniq_duvessa
D:5:      vehumet_statue, minmay_temple_entry_trees, serial_shops,
          nicolae_shop_waterfront, uniq_edmund
D:6:      bh_walls_and_bars
D:7:      lemuel_insect_pit, overflow_temple_1_default, serial_shops,
          kennysheep_mini_moat, shop_fountains, shop
Temple:   circular_temple_12

Skill      XL: |  1  2  3  4  5  6  7  8 |
---------------+-------------------------+-----
Unarmed Combat | 5 6 8 10 | 10.2
Evocations     | 5 |  5.5
Fighting       | |  2.4
Dodging        | |  2.4
Stealth        | |  1.1

Action                   |  1- 3 |  4- 6 |  7- 9 || total
-------------------------+-------+-------+-------++-------
Melee: Unarmed           |    77 |   117 |   151 ||   345
Evoke: Wand              |       |     3 |     4 ||     7
  Use: Potion            |     1 |     1 |       ||     2
       Scroll            |       |       |     3 ||     3
 Stab: Sleeping          |       |     1 |     3 ||     4
  Eat: Chunk             |    13 |     5 |    13 ||    31
       Bread ration      |       |       |     3 ||     3
       Royal jelly       |       |       |     1 ||     1
